 Dungeon Crawl Stone Soup version 0.18-a0-1142-g19f2112 (webtiles) character file.

46 TerapinKing the Shield-Bearer (level 3, -1/34 HPs)
             Began as a Deep Dwarf Fighter on Jan 22, 2016.
             Succumbed to Robin's poison
             ... on level 2 of the Dungeon.
             The game lasted 00:06:53 (1224 turns).

TerapinKing the Shield-Bearer (Deep Dwarf Fighter)  Turns: 1224, Time: 00:06:53

Health: -1/34      AC:  7    Str: 20    XL:     3   Next: 46%
Magic:  3/3        EV:  7    Int:  8    God:
Gold:   68         SH:  9    Dex: 12    Spells: 0 memorised, 2 levels left

rFire  . . .     SeeInvis .     a - +1 flail
rCold  . . .     Gourm    .     b - +1 scale mail
rNeg   . . .     Faith    .     c - +0 shield
rPois  .         Spirit   .     (no helmet)
rElec  .         Dismiss  .     (no cloak)
rCorr  .         Reflect  .     (no gloves)
SustAt .         Harm     .     (no boots)
MR     .....                    (no amulet)
Stlth  ..........               (no ring)
                                (no ring)

@: lethally poisoned (-1 -> -45), flying, very slightly contaminated,
non-regenerating, hasted, very quick, not resistant to hostile enchantments,
extremely unstealthy
A: damage resistance, recharge devices, sense surroundings 1, slow regeneration
3
a: Device Recharging


You were on level 2 of the Dungeon.
You were not hungry.

You visited 1 branch of the dungeon, and saw 2 of its levels.

You collected 68 gold pieces.

Inventory:

Hand Weapons
 a - a +1 flail (weapon)
 h - a +0 hand axe
Armour
 b - a +1 scale mail (worn)
 c - a +0 shield (worn)
Wands
 e - a wand of heal wounds (0/9)
Scrolls
 i - 2 scrolls of immolation {unknown}
 k - 2 scrolls of magic mapping {unknown}
 n - 2 scrolls of identify {unknown}
Potions
 d - a potion of might
Comestibles
 f - a bread ration
 j - a meat ration


   Skills:
 + Level 3.0 Fighting
 + Level 2.2 Maces & Flails
 + Level 3.5 Armour
 + Level 0.4 Dodging
 + Level 4.2 Shields


You had 2 spell levels left.
You didn't know any spells.

Dungeon Overview and Level Annotations

Branches:
Dungeon (2/15)

Altars:

Annotations:
D:2 Jessica


Innate Abilities, Weirdness & Mutations

You are resistant to damage.
You can recharge devices by infusing magical energy.
You passively map a small area around you.
You do not regenerate naturally.


Message History

You feel very sick. You block the adder's attack. x2
You closely miss the adder.
* * * LOW HITPOINT WARNING * * *
You feel very sick. The adder bites you.
A hobgoblin comes into view. It is wielding a club.
As you read the scroll labeled ANLIAZ AHUM, it crumbles to dust.
It is a scroll of enchant armour.
Enchant which item? (? for menu, Esc to quit)
Your +0 scale mail glows green for a moment.
* * * LOW HITPOINT WARNING * * *
You feel very sick.
The hobgoblin shouts!
The adder bites you but does no damage.
As you read the scroll labeled MENIXTAV URISS, it crumbles to dust.
It is a scroll of enchant weapon.
Enchant which weapon? (? for menu, Esc to quit)
Your +0 flail glows red for a moment.
You die...

, ##########
#.....#... ,
#.......## .######
###.....### .......
##.......# *
.......*
######.g#######
,....... #......##
** ,
......g###@#######**
.....ggSgS........ ,
, ,,
.....rK##########.
,** .....@. ,, * * *
......., , * * *
......., ,, **
....... ,* ,,.######
,, *


You could see 2 adders, 3 hobgoblins, a goblin (frenzied), a kobold and a rat.

Vanquished Creatures
  Robin (D:2)
  An adder (D:2)
  An ooze (D:1)
  3 bats (D:1)
  A giant cockroach (D:2)
  A hobgoblin (D:2)
  2 kobolds (D:1)
  A ball python (D:2)
  A giant newt (D:1)
  10 goblins
  A rat (D:2)
23 creatures vanquished.

Vanquished Creatures (others)
  A kobold (D:1)
1 creature vanquished.

Grand Total: 24 creatures vanquished

Notes
Turn   | Place    | Note
--------------------------------------------------------------
     0 | D:1      | TerapinKing the Deep Dwarf Fighter began the quest for the Orb.
     0 | D:1      | Reached XP level 1. HP: 20/20 MP: 1/1
   745 | D:1      | Reached XP level 2. HP: 25/27 MP: 2/2
  1165 | D:2      | Noticed Robin
  1173 | D:2      | Noticed Jessica
  1174 | D:2      | Reached XP level 3. HP: 28/33 MP: 3/3
  1177 | D:2      | Reached skill level 4 in Shields
  1216 | D:2      | HP: 1/33 [poisoned by Robin]
  1220 | D:2      | Killed Robin
  1224 | D:2      | Succumbed to Robin's poison

Vault maps used:
D:1:      saegor_arrival_miasma
D:2:      grunt_qazlal_clouds, uniq_jessica, uniq_robin

Action                   || total
-------------------------++-------
Melee: Flail             ||    88
Evoke: Wand              ||     5
  Use: Scroll            ||     2
       Potion            ||     2
  Eat: Meat ration       ||     1
